 Dungeon Crawl Stone Soup version 0.21-a0-286-g6fcecc0 (webtiles) character file.

2 Hasart the Magician (level 1, 0/13 HPs)
             Began as a Mummy Wizard on Sept 28, 2017.
             Slain by a jackal (3 damage)
             ... on level 1 of the Dungeon.
             The game lasted 00:00:41 (187 turns).

Hasart the Magician (Mummy Wizard)                   Turns: 187, Time: 00:00:42

Health: 0/13       AC:  2    Str: 10    XL:     1   Next: 25%
Magic:  0/5        EV: 12    Int: 17    God:
Gold:   2          SH:  0    Dex: 10    Spells: 7/8 levels left

rFire    x . .     SeeInvis .   f - +0 mace
rCold    + . .     Gourm    .   (no shield)
rNeg     + + +     Faith    .   a - +0 robe
rPois    ∞         Spirit   .   b - +0 hat
rElec    .         Reflect  .   (no cloak)
rCorr    .         Harm     .   (no gloves)
MR       .....                  (no boots)
Stlth    ++........             (no amulet)
HPRegen  0.04/turn              (no ring)
MPRegen  0.09/turn              (no ring)

@: no status effects
A: no food or potions, fire vulnerability, cold resistance 1, negative energy
resistance 3, torment resistance, unbreathing
a: no special abilities


You were on level 1 of the Dungeon.
You were not hungry.

You visited 1 branch of the dungeon, and saw 1 of its levels.

You collected 2 gold pieces.

Inventory:

Hand Weapons
 f - a +0 mace (weapon)
Armour
 a - a +0 robe (worn)
 b - a +0 hat (worn)
Scrolls
 d - a scroll of fog {unknown}
 e - a scroll of amnesia {unknown}
Books
 c - a book of Minor Magic

   Spells                             Type                      Level
   a - Magic Dart                     Conjuration                  1
   b - Blink                          Translocation                2
   c - Call Imp                       Summoning                    2
   d - Slow                           Hexes                        2
   e - Conjure Flame                  Conjuration/Fire             3
   f - Mephitic Cloud                 Conjuration/Poison/Air       3


   Skills:
 - Level 1.5 Dodging
 - Level 1.5 Stealth
 + Level 4.1 Spellcasting
 * Level 0.8 Conjurations
   Level 0.7 Summonings
   Level 0.7 Translocations


You had 7 spell levels left.
You knew the following spells:

 Your Spells              Type           Power        Failure   Level  Hunger
a - Magic Dart            Conj           #...         11%         1    N/A

Dungeon Overview and Level Annotations

Branches:
Dungeon (1/15)

Altars:


Innate Abilities, Weirdness & Mutations

You do not eat or drink.
Your flesh is vulnerable to fire.
You are immune to poison.
Your flesh is cold resistant. (rC+)
You are immune to negative energy. (rN+++)
You are immune to unholy pain and torment.
You can survive without breathing.


Message History

The jackal barely misses you. The jackal bites you.
* * * LOW HITPOINT WARNING * * *
The jackal barely misses you. The jackal closely misses you.
The jackal closely misses you. The jackal closely misses you.
Your magical contamination has completely faded away.
The jackal bites you but does no damage.
A leopard gecko comes into view.
Casting: Magic Dart
Confirm with . or Enter, or press ? or * to list all spells.
Aiming: Magic Dart
Press: ? - help, Shift-Dir - straight line, f/p - jackal
Aim: a jackal (almost dead)
The magic dart hits the jackal.
You kill the jackal!
The leopard gecko hisses angrily.
You can't drink.
You barely miss the jackal. The jackal bites you.
You die...

#.#.#..#.h...........
# #.#..############.#
#.#......#.#≈≈≈≈♣.♣
#......#.#.#≈.P....
##...[.#.#.#≈PPP...
#.....#.#.#♣.P....
#.....#.#.......<.
#h#.###.#.#♣.♣....
#@#.# #.#.#≈♣♣♣...
#.#.# #.#.#≈.♣....
##'#.###.#.#≈...♣.♣
#........#.#≈≈≈≈♣.♣
#..........######.#
#.......####.# #.#
##.#l...'....# #..
.(.#....####.# #.#
..###.#.....#.####..


You could see a leopard gecko and a jackal.

Vanquished Creatures
  A jackal (D:1)
  A rat (D:1)
2 creatures vanquished.

Notes
Turn   | Place    | Note
-------+----------+-------------------------------------------
     0 | D:1      | Hasart the Mummy Wizard began the quest for the Orb.
     0 | D:1      | Reached XP level 1. HP: 13/13 MP: 5/5
   187 | D:1      | Slain by a jackal

Vault maps used:
D:1:      ldierk_walled_garden, wad_floor_pattern_untrapped

Action                   || total
-------------------------++-------
Melee: Mace              ||     5
 Cast: Magic Dart        ||     7
Armor: Robe              ||     3
Dodge: Dodged            ||    11

Table legend:
 A = Spawn XP
 B = Non-spawn XP
 C = Spawn XP percentage of total XP
 D = Spawn monster count
 E = Non-spawn monster count
 F = Spawn count percentage of total count
 G = Total turns spent on level
                    A         B        C        D         E        F      G
               +---------+---------+-------+---------+---------+-------+---------
         Total |       0 |       3 |   0.0 |       0 |       2 |   0.0 |   187
               +---------+---------+-------+---------+---------+-------+---------
           D:1 |       0 |       3 |   0.0 |       0 |       2 |   0.0 |   187
               +---------+---------+-------+---------+---------+-------+---------
